 Dungeon Crawl Stone Soup version 0.30-a0-1112-gfb780f5df6 (console) character file.

Game seed: 7382923056219979509

3088 jejorda2 the Spear-Bearer (level 9, -2/103 HPs)
             Began as a Merfolk Berserker on Apr 19, 2023.
             Was a Believer of Trog.
             Slain by a slime creature (6 damage)
             ... on level 7 of the Dungeon.
             The game lasted 00:13:26 (6621 turns).

jejorda2 the Spear-Bearer (Merfolk Berserker)       Turns: 6621, Time: 00:13:27

Health: -2/103     AC: 22    Str: 21    XL:     9   Next: 89%
Magic:  9/9        EV:  7    Int:  7    God:    Trog [**....]
Gold:   470        SH:  0    Dex: 13    Spells: 8/8 levels left

rFire   . . .      SeeInvis .    a - +0 scythe
rCold   . . .      Faith    .    (shield currently unavailable)
rNeg    . . .      Spirit   .    D - +0 plate armour
rPois   .          Reflect  .    E - +0 helmet
rElec   .          Rampage  ∞    H - +1 cloak
rCorr   .                        B - +1 pair of gloves
Will    .....                    F - +3 pair of seven-league boots {Rampage+∞} Stlth
                                 (no amulet)
HPRegen 0.37/turn                (no ring)
MPRegen 0.11/turn                (no ring)

@: berserking, very quick
A: (nimble swimmer 2), mertail
a: Renounce Religion, Berserk, Trog's Hand


You were on level 7 of the Dungeon.
You worshipped Trog.
Trog was pleased with you.
You visited 1 branch of the dungeon, and saw 7 of its levels.

You collected 470 gold pieces.

Inventory:

Hand Weapons
 a - a +0 scythe (weapon)
 b - a +0 spear
Missiles
 e - 57 stones (quivered)
 i - 2 curare-tipped darts
 k - 5 javelins
 r - 24 poisoned darts
 u - 2 throwing nets
 v - 3 boomerangs
Armour
 B - a +1 pair of gloves (worn)
 D - a +0 plate armour (worn)
 E - a +0 helmet (worn)
 F - the +3 pair of seven-league boots (worn) {Rampage+∞}
   (You found it on level 6 of the Dungeon)

   Rampage+∞: When moving toward enemies, its wearer moves as far as possible.
 H - a +1 cloak (worn)
Jewellery
 p - a ring of ice
Wands
 m - a wand of light (3)
 x - a wand of iceblast (21)
 y - a wand of paralysis (12)
 A - a wand of flame (36)
Scrolls
 c - 2 scrolls of teleportation
 s - 2 scrolls of magic mapping
 t - a scroll of enchant armour
 w - 2 scrolls of blinking
 G - a scroll of identify
Potions
 d - a potion of attraction {unknown}
 f - 3 potions of brilliance {unknown}
 g - a potion of berserk rage {unknown}
 h - a potion of magic {unknown}
 j - 2 potions of haste
 l - 3 potions of curing
 n - 4 potions of flight
 o - 4 potions of mutation
 q - 6 potions of heal wounds
 z - a potion of invisibility {unknown}
 C - a potion of lignification {unknown}


   Skills:
 - Level 6.0 Fighting
 * Level 12.3 Polearms
 - Level 6.0 Throwing
 + Level 5.0 Armour
 - Level 2.6 Dodging


You had 8 spell levels left.
You didn't know any spells.
Your spell library was empty.

Dungeon Overview and Level Annotations

Branches:
Dungeon (7/15)             Temple (0/1) D:6

Altars:
Ashenzari
Kikubaaqudgha
Nemelex Xobeh
Qazlal
Vehumet
Zin

Shops:
D:5 *


Innate Abilities, Weirdness & Mutations

((You are very nimble when in or above water. (Stealth+, EV+, Speed+++)))
Your lower body shifts to a powerful aquatic tail in water.


Message History

Unknown command.
You stride towards the orc warrior!
You impale the orc warrior!!
The orc warrior is severely wounded.
The howler monkey hoots and howls with incredible vigour!
The slime creature hits you but does no damage.
The troll bites you. The troll closely misses you.
The troll claws you but does no damage. The orc hits you with a +0 hand axe.
The orc warrior unwields a +0 arbalest.
The orc warrior wields a +0 scimitar.
The orc warrior closely misses you.
You closely miss the troll.
The howler monkey hits you but does no damage.
You slice the troll!!
The troll is heavily wounded.
The slime creature barely misses you. The orc barely misses you.
The troll bites you!
* * * LOW HITPOINT WARNING * * *
The troll claws you.
* * * LOW HITPOINT WARNING * * *
The troll closely misses you.
You hit the troll but do no damage.
The troll is heavily wounded.
The orc warrior hits you with a +0 scimitar.
* * * LOW HITPOINT WARNING * * *
The howler monkey closely misses you.
You hit the troll.
The troll is severely wounded.
The slime creature hits you!
* * * LOW HITPOINT WARNING * * *
The orc hits you with a +0 hand axe.
* * * LOW HITPOINT WARNING * * *
The troll bites you but does no damage. The troll barely misses you.
The troll claws you but does no damage.
The howler monkey hits you but does no damage.
The orc warrior hits you with a +0 scimitar.
* * * LOW HITPOINT WARNING * * *
You impale the troll!!
You kill the troll!
Trog accepts your kill. The slime creature hits you.
You die...

#####
+...⌠...'.#####.##.##
#....⌠..###.....##...
#.⌠...⌠.###.######.##
#.......#............
####'######...###.###
##.## #...###.##
##...## #........#
####### ##$h.o.##
##.......## ......#
#..J@...# #.........
#####.# #....o....#
##...##### # #.#
#....?)=?...# #...# #
#.#
#....$(#!(....######
# #.# ####### #######
# #<# # ###


You could see a slime creature, an orc warrior, a howler monkey (catching
breath) and an orc.

Vanquished Creatures
  A troll (D:7)
  Sigmund (D:4)
  An acid dragon (D:7)
  5 water moccasins
  An orc warrior (D:5)
  An ice beast (D:7)
  A sky beast (D:7)
  2 ogres
  4 centaurs
  Blork the orc (D:4)
  3 bullfrogs (D:7)
  3 scorpions
  4 wights (D:7)
  A howler monkey (D:5)
  2 hounds (D:6)
  A jelly (D:7)
  4 orc priests
  2 gnoll boudas
  2 sleepcaps
  3 iguanas
  7 orc wizards
  9 gnolls
  5 adders
  2 white imps (D:7)
  An ufetubus (D:5)
  2 worms
  3 dart slugs (D:3)
  27 orcs
  6 ball pythons
  5 endoplasms
  3 giant cockroaches
  7 goblins
  7 hobgoblins
  3 jackals (D:1)
  3 quokkas
  2 bats
  6 frilled lizards
  6 kobolds
  5 rats
152 creatures vanquished.

Notes
Turn   | Place    | Note
-------+----------+-------------------------------------------
     0 | D:1      | jejorda2 the Merfolk Berserker began the quest for the Orb.
     0 | D:1      | Reached XP level 1. HP: 18/18 MP: 1/1
    98 | D:1      | Reached XP level 2. HP: 18/24 MP: 2/2
   474 | D:1      | Reached XP level 3. HP: 29/29 MP: 3/3
   652 | D:1      | Reached ** piety under Trog
   772 | D:1      | Reached skill level 5 in Polearms
  1219 | D:2      | Reached XP level 4. HP: 37/37 MP: 4/4
  1609 | D:2      | Found a faded altar of an unknown god.
  2145 | D:3      | Reached XP level 5. HP: 41/42 MP: 5/5
  2388 | D:3      | Found a broken altar of Ashenzari.
  2391 | D:3      | Found a stormy altar of Qazlal.
  2410 | D:3      | Reached skill level 6 in Polearms
  2456 | D:3      | Found a glowing silver altar of Zin.
  2563 | D:3      | Found an ancient bone altar of Kikubaaqudgha.
  2635 | D:3      | Found a sparkling altar of Nemelex Xobeh.
  3106 | D:4      | Reached XP level 6. HP: 49/49 MP: 6/6
  3162 | D:4      | Found a radiant altar of Vehumet.
  3176 | D:4      | Reached skill level 1 in Throwing
  3275 | D:4      | Reached skill level 7 in Polearms
  3467 | D:4      | Noticed Blork the orc
  3477 | D:4      | Killed Blork the orc
  3483 | D:4      | Reached XP level 7. HP: 55/55 MP: 7/7
  3582 | D:4      | Noticed Sigmund
  3588 | D:4      | Killed Sigmund
  3589 | D:4      | Reached skill level 5 in Fighting
  3666 | D:5      | Entered Level 5 of the Dungeon
  3675 | D:5      | Reached skill level 8 in Polearms
  3958 | D:5      | Reached XP level 8. HP: 49/62 MP: 8/8
  4329 | D:5      | Reached skill level 9 in Polearms
  4431 | D:5      | Found Wivumuasch's Elemental Accessories.
  4893 | D:6      | Reached skill level 5 in Throwing
  4962 | D:6      | Identified the +5 long sword "Cumoro" {holy, Str+3 Int+3}
  4963 | D:6      | Found a staircase to the Ecumenical Temple.
  5204 | D:6      | Found the +3 pair of seven-league boots {Rampage+∞}
  5250 | D:6      | Reached XP level 9. HP: 41/69 MP: 9/9
  5406 | D:6      | Noticed a two-headed ogre
  5409 | D:6      | Identified the +0 leather armour of Ratihem {rC++ Dex+5}
  5491 | D:6      | Loot past rock
  5520 | D:7      | Reached skill level 10 in Polearms
  5997 | D:7      | Paralysed by an orc wizard for 2 turns
  6351 | D:7      | Reached skill level 11 in Polearms
  6436 | D:7      | Reached *** piety under Trog
  6595 | D:7      | Reached skill level 12 in Polearms
  6607 | D:7      | Noticed a troll
  6616 | D:7      | Reached skill level 5 in Armour
  6620 | D:7      | HP: 3/103 [orc warrior/+0 scimitar (5)]
  6621 | D:7      | Killed a troll
  6621 | D:7      | Slain by a slime creature

Illustrated notes

.....#######....)'.....".....'...
#...............)#...8...8...####
####.#######.....##.#.....#.##
#...######..<..##.8...8.##
######....###....).##.....##
?..................<##...##
##########.##....<...##'### #
#.##.............#
#......@.........#
####.........##### #.........#
#.........# #.........#
###########


Turn 5491 on D:6: Loot past rock

Levels and vault maps discovered:
D:1:      dpeg_arrival_round_b, layout_basic
D:2:      layout_loops_cross, hellmonk_ecumenical_altar_heavens_door,
          dk_noncrumbling_4
D:3:      layout_loops_corners, lemuel_tele_altar,
          mainiacjoe_overflow_small_starburst, minitemple
D:4:      layout_basic, vehumet_altar_wand_db, uniq_blork_the_orc, uniq_sigmund
D:5:      layout_cave_pools, nicolae_elemental_shop, minmay_misc_feat_iff
D:6:      layout_rooms, minmay_temple_entry_mini_moons, st_stairs_10,
          dk_noncrumbling_3, lightli_corner_chamber
D:7:      minmay_chambers_of_sevens, layout_basic

Skill      XL: |  1  2  3  4  5  6  7  8  9 |
---------------+----------------------------+-----
Polearms       | 5 6 7 8 9 12 | 12.3
Armour         | 2 3 5 |  5.0
Fighting       | 4 5 6 |  6.0
Throwing       | 2 3 5 6 |  6.0
Dodging        | |  2.6

Action                     |  1- 3 |  4- 6 |  7- 9 || total
---------------------------+-------+-------+-------++-------
  Melee: Spear             |   116 |   262 |    10 ||   388
         Punch             |     2 |       |       ||     2
         Halberd           |       |       |   281 ||   281
  Throw: Stone             |       |     3 |     4 ||     7
 Invoke: Berserk           |       |     4 |     6 ||    10
         Trog's Hand       |       |     3 |     5 ||     8
    Use: Scroll            |       |       |    14 ||    14
         Potion            |       |       |     1 ||     1
   Stab: Sleeping          |     2 |       |       ||     2
 Armour: Animal skin       |     2 |       |       ||     2
         Ring mail         |    12 |     9 |       ||    21
         Chain mail        |       |    52 |    63 ||   115
         Plate armour      |       |       |   138 ||   138
  Dodge: Dodged            |    41 |    49 |   115 ||   205
  Block: Buckler           |     4 |    32 |     1 ||    37

Table legend: (Time is in decaauts)
 A = Elapsed time spent in this place.
 B = Non-inter-level travel time spent in this place.
 C = Inter-level travel time spent in this place.
 D = Time resting spent in this place.
 E = Time spent auto-exploring this place.
 F = Levels seen in this place.
 G = Mean time per level.
                   A        B        C        D        E       F      G
               +--------+--------+--------+--------+--------+-----+--------+
         Total |   6636 |   6332 |    304 |    861 |   4264 |   7 |  948.0 |
       Dungeon |   6636 |   6332 |    304 |    861 |   4264 |   7 |  948.0 |
               +--------+--------+--------+--------+--------+-----+--------+

Top non-repeatable levels by time:
     D:3: 1178 daAuts
     D:7: 1071 daAuts
     D:1: 1062 daAuts
     D:4: 882 daAuts
     D:6: 834 daAuts
     D:5: 830 daAuts
     D:2: 777 daAuts
